 Dungeon Crawl Stone Soup version 0.29.1-12-g30fa7ad0bf (webtiles) character file.

Game seed: 16813589946890738369

47 concernfroge the Ducker (level 3, -1/16 HPs)
             Began as a Felid Transmuter on Jan 15, 2023.
             Killed by divine providence
             ... invoked by an orc priest
              (17 damage)
             ... on level 3 of the Dungeon.
             The game lasted 00:09:55 (2711 turns).

concernfroge the Ducker (Felid Transmuter)          Turns: 2711, Time: 00:09:56

Health: -1/16      AC:  1    Str:  6    XL:     3   Next: 48%
Magic:  7/7        EV: 18    Int: 14    God:
Gold:   8          SH:  0    Dex: 18    Spells: 0/6 levels left
                                        Lives:  0   Deaths: 1

rFire   + . .      SeeInvis +     - Unarmed
rCold   . . .      Faith    .   (shield unavailable)
rNeg    . . .      Spirit   .   (body armour unavailable)
rPois   +          Reflect  .   (helmet unavailable)
rElec   .          Harm     .   (cloak unavailable)
rCorr   .          Rampage  .   (gloves unavailable)
Will    .....                   (boots unavailable)
Stlth   +++.......              f - amulet of Cooxeum {RegenMP rPois Stlth+}
HPRegen 0.05/turn               d - ring of poison resistance
MPRegen 0.50/turn               i - ring of protection from fire

@: appendages (expiring), wereblooded (expiring), quick
A: horns 2, very small, claws 1, fangs 3, see invisible, speed 1, shaggy fur 1,
stealthy paws, no weapons or thrown items, no armour, multi-lived
a: End Transformation


You were on level 3 of the Dungeon.
You had temporarily grown beastly horns.
You visited 1 branch of the dungeon, and saw 3 of its levels.

You collected 105 gold pieces.
You spent 97 gold pieces at shops.

Inventory:

Jewellery
 d - a ring of poison resistance (left paw)
 f - the amulet of Cooxeum (around neck) {RegenMP rPois Stlth+}
   (You found it on level 2 of the Dungeon)

   [amulet of magic regeneration]

   It increases your rate of magic regeneration.
   rPois:     It protects you from poison.
   Stlth:     It makes you more stealthy.
 i - a ring of protection from fire (right paw)
Wands
 g - a wand of quicksilver (1)
Scrolls
 b - 2 scrolls of vulnerability {unknown}
 e - a scroll of fear {unknown}
 h - a scroll of poison {unknown}
 k - a scroll of blinking {unknown}
Potions
 a - 2 potions of curing {unknown}
 c - a potion of berserk rage {unknown}


   Skills:
 + Level 1.9 Fighting
 + Level 3.5 Dodging
 + Level 2.3 Stealth
 + Level 3.4 Unarmed Combat
 + Level 2.4 Spellcasting
 + Level 2.8 Transmutations


You couldn't memorise any spells.
You knew the following spells:

 Your Spells              Type           Power      Damage    Failure   Level
a - Beastly Appendage     Tmut           18%        N/A       7%          1
b - Wereblood             Tmut           9%         N/A       11%         2
c - Spider Form           Tmut/Pois      5%         N/A       36%         3

Your spell library contained the following spells:

 Spells                   Type           Power      Damage    Failure   Level
 Ice Form                 Ice/Tmut       5%         N/A       77%         4
 Passage of Golubria      Tloc           1%         N/A       92%         4
 Silence                  Hex/Air        0%         N/A       99%         5
 Lehudib's Crystal Spear  Conj/Erth      0%         10d2      100%        8


Dungeon Overview and Level Annotations

Branches:
Dungeon (3/15)

Altars:

Shops:
D:1 ?   D:2 [(**


Innate Abilities, Weirdness & Mutations

You have temporarily grown beastly horns.
You have sharp claws.
You have razor-sharp teeth.
You have supernaturally acute eyesight. (SInv)
You cover ground quickly. (Speed+)
You are covered in fur. (AC +1)
Your paws help you pounce on unaware monsters.
You are incapable of wielding weapons or throwing items.
You cannot wear armour.
You gain extra lives every three experience levels.


Message History

You scratch the rat.
You kill the rat!
i - a ring of protection from fire
i - a ring of protection from fire (right paw)
You howl as the wereblood boils in your veins!
The orc shouts!
The orc priest shouts!
Found 2 dark potions.
You howl as the wereblood boils in your veins!
The orc closely misses you.
You scratch the orc. Your headbutt misses the orc. You claw the orc.
You kill the orc!
Your transformation is almost over.
Things that are here:
a +0 hand axe; an orc corpse You scratch the orc priest but do no damage.
The orc priest completely misses you.
You closely miss the orc priest.
You howl as the wereblood boils in your veins!
The orc priest misses you.
You scratch the orc priest but do no damage.
You howl as the wereblood boils in your veins!
Your primal bloodlust is almost over.
The orc priest completely misses you.
You scratch the orc priest. Your headbutt misses the orc priest.
The orc priest is moderately wounded.
You howl as the wereblood boils in your veins!
The orc priest misses you.
You scratch the orc priest.
The orc priest is severely wounded.
You howl as the wereblood boils in your veins!
The orc priest closely misses you.
You barely miss the orc priest. Your bite misses the orc priest.
The orc priest is severely wounded.
The orc priest barely misses you.
You scratch the orc priest but do no damage.
The orc priest is severely wounded.
The orc priest invokes the aid of Beogh against you.
Beogh smites you!
Ouch! That really hurt!
You die...

#.# ...#..#
######.####.##.# #
#...##.........## .#
####..[....†.......#...
†))................>..!
##....########......##
#....# #....##.# #....#
####....# # #....+
..##...@##+## #....#
#.##....o...# #....#
#.##........# #....#
#.####......#
##....####†##.......##
.......†....#.......#
..########..#.......#
.. #..#.......## .
#...........#


You could see an orc priest.

Vanquished Creatures
  3 adders (D:2)
  3 dart slugs
  2 orcs (D:3)
  6 ball pythons
  5 endoplasms
  3 giant cockroaches (D:1)
  7 goblins
  4 hobgoblins
  8 jackals
  2 quokkas
  2 bats (D:3)
  2 frilled lizards
  4 kobolds
  5 rats
56 creatures vanquished.

Notes
Turn   | Place    | Note
-------+----------+-------------------------------------------
     0 | D:1      | concernfroge the Felid Transmuter began the quest for the
                  | Orb.
     0 | D:1      | Reached XP level 1. HP: 9/9 MP: 4/4
   221 | D:1      | Reached XP level 2. HP: 4/12 MP: 6/6
   224 | D:1      | Learned a level 2 spell: Wereblood
   504 | D:1      | Reached skill level 1 in Stealth
   904 | D:1      | Found a faded altar of an unknown god.
   905 | D:1      | Found Sitweigul's Magic Scroll Shoppe.
   920 | D:1      | Bought a scroll of identify for 22 gold pieces
  1531 | D:1      | Bought a scroll of identify for 22 gold pieces
  1679 | D:2      | Reached XP level 3. HP: 13/15 MP: 7/7
  1699 | D:2      | Found Waypeduh's General Store.
  1782 | D:2      | Found Nomon's Assorted Antiques.
  1896 | D:2      | Bought a scroll labelled SOTHUNO VIOD for 20 gold pieces
  2043 | D:2      | Identified the amulet of Cooxeum {RegenMP rPois Stlth+}
  2154 | D:2      | Found Sofuzem's Weapon Boutique.
  2160 | D:2      | Reached XP level 4. HP: 19/19 MP: 8/8
  2291 | D:2      | Found Wuid's Antique Armour Emporium.
  2440 | D:1      | Bought a scroll of teleportation for 33 gold pieces
  2624 | D:3      | Learned a level 3 spell: Spider Form
  2638 | D:3      | Slain by an iguana
  2639 | D:3      | Reached XP level 3. HP: -2/16 MP: 7/7
  2711 | D:3      | Killed from afar by an orc priest

Illustrated notes

Levels and vault maps discovered:
D:1:      tarquinn_simple_flora_water_c, layout_loops_ring,
          hellmonk_ecumenical_altar_crossroads, serial_shops,
          nicolae_shop_stone, chequers_serial_rivers_room_b
D:2:      layout_basic, serial_shops, nicolae_shop_bloodbath_and_beyond, shop,
          shop, nicolae_shop_hallway_plus
D:3:      layout_basic, wad_orctagon

Skill      XL: |  1  2  3 |
---------------+----------+-----
Dodging        | 3 |  3.5
Stealth        | 1 2 |  2.3
Fighting       | |  1.9
Unarmed Combat | |  3.4
Spellcasting   | |  2.4
Transmutations | |  2.8

Action                   |  1- 3 |  4- 6 || total
-------------------------+-------+-------++-------
Melee: Unarmed           |   122 |    39 ||   161
       Bite              |     7 |     5 ||    12
       Headbutt          |    17 |     4 ||    21
       Punch             |     4 |     1 ||     5
 Cast: Beastly Appendage |    22 |     7 ||    29
       Wereblood         |     3 |     3 ||     6
  Use: Potion            |     3 |     1 ||     4
       Scroll            |     3 |     1 ||     4
 Stab: Sleeping          |     2 |     1 ||     3
Armor: Skin              |    16 |       ||    16
Dodge: Dodged            |    75 |    37 ||   112
